 Dungeon Crawl Stone Soup version 0.24-a0-278-gefa1973 (webtiles) character file.

Game seed: 8778633538786609823

571 qdestroyer the Chopper (level 7, 0/61 HPs)
             Began as a Minotaur Berserker on Apr 29, 2019.
             Was a Priest of Trog.
             Slain by a wight
             ... wielding a +0 halberd
              (9 damage)
             ... on level 4 of the Dungeon.
             The game lasted 00:06:44 (2770 turns).

qdestroyer the Chopper (Minotaur Berserker)         Turns: 2770, Time: 00:06:45

Health: 0/61       AC:  5    Str: 25    XL:     7   Next: 11%
Magic:  6/6        EV: 11    Int:  4    God:    Trog [***...]
Gold:   263        SH:  0    Dex: 10    Spells: 6/6 levels left

rFire    . . .     SeeInvis .   b - +1 flail (holy)
rCold    . . .     Gourm    .   (no shield)
rNeg     . . .     Faith    .   k - +0 ring mail
rPois    .         Spirit   .   (helmet restricted)
rElec    .         Reflect  .   (no cloak)
rCorr    .         Harm     .   (no gloves)
MR       ++...                  (no boots)
Stlth    ..........             (no amulet)
HPRegen  1.20/turn              o - +2 ring of strength
MPRegen  0.10/turn              (no ring)

@: berserk cooldown, regenerating, slowed, heavily drained, very slow
A: retaliatory headbutt, horns 2
a: Berserk, Trog's Hand, Renounce Religion


You were on level 4 of the Dungeon.
You worshipped Trog.
Trog was most pleased with you.
You were not hungry.

You visited 1 branch of the dungeon, and saw 4 of its levels.

You collected 263 gold pieces.

Inventory:

Hand Weapons
 b - a +1 flail of holy wrath (weapon)
Armour
 k - a +0 ring mail (worn)
Jewellery
 o - a +2 ring of strength (left hand)
Scrolls
 a - 2 scrolls of teleportation
 d - 3 scrolls of identify
 f - 4 scrolls of remove curse
 i - a scroll of magic mapping
 n - a scroll of fog {unknown}
Potions
 e - 2 potions of curing
 g - a potion of lignification
 h - a potion of agility {unknown}
 j - 2 potions of flight {unknown}
 l - 2 potions of cancellation {unknown}
 m - a potion of invisibility {unknown}
 p - a potion of mutation {unknown}
 r - a potion of might {unknown}
Comestibles
 c - 3 rations


   Skills:
 + Level 5.4(3.8) Fighting
   Level 5.5(4.5) Axes
 + Level 3.8(3.7) Maces & Flails
 + Level 4.8(3.3) Armour
 + Level 3.7(2.2) Dodging
 + Level 0.8(0.0) Stealth


You had 6 spell levels left.
You didn't know any spells.
Your spell library was empty.

Dungeon Overview and Level Annotations

Branches:
Dungeon (4/15)             Temple (0/1) D:4

Altars:
Cheibriados
Hepliaklqana
Nemelex Xobeh
Trog
Yredelemnul


Innate Abilities, Weirdness & Mutations

You reflexively headbutt those who attack you in melee.
You have a pair of horns on your head.


Message History

Your skin stops crawling.
You feel less resistant to hostile enchantments.
The wight hits you from afar with a +0 halberd!
* * * LOW HITPOINT WARNING * * *
You feel drained.
* * * LOW HITPOINT WARNING * * *
Your skin crawls.
You feel resistant to hostile enchantments.
You are starving!
The wight closely misses you.
You eat one of the 4 rations.
That ration really hit the spot!
The wight barely misses you.
Your skin crawls.
You feel resistant to hostile enchantments.
You feel somewhat more hungry.
The wight hits you from afar with a +0 halberd!
* * * LOW HITPOINT WARNING * * *
The wight misses you.
The wight hits you from afar with a +0 halberd!
You die...

#############
#.zz.@.......
#z###########
#.# #z#
######### #z#
#........ #z#
#........
#####.#######
#........
#...........#
#........
#...........#
#........


You could see 3 wights.

Vanquished Creatures
  An ogre (D:4)
  A wight (D:4)
  A jelly (D:4)
  A centaur skeleton (D:4)
  3 orc priests
  An orc wizard (D:3)
  An iguana (D:4)
  Jessica (D:2)
  A worker ant (D:4)
  3 gnolls (D:3)
  A howler monkey skeleton (D:4)
  5 adders
  2 worms (D:2)
  3 dart slugs
  2 leopard geckos
  8 orcs
  9 bats
  4 giant cockroaches
  7 goblins
  10 hobgoblins
  9 jackals
  A quokka (D:4)
  2 ball pythons
  5 frilled lizards
  6 kobolds
  6 rats
94 creatures vanquished.

Vanquished Creatures (others)
  4 toadstools (D:1)
4 creatures vanquished.

Grand Total: 98 creatures vanquished

Notes
Turn   | Place    | Note
-------+----------+-------------------------------------------
     0 | D:1      | qdestroyer the Minotaur Berserker began the quest for the
                  | Orb.
     0 | D:1      | Reached XP level 1. HP: 19/19 MP: 0/0
   130 | D:1      | Reached XP level 2. HP: 24/27 MP: 1/1
   530 | D:1      | Reached ** piety under Trog
   530 | D:1      | Reached XP level 3. HP: 28/33 MP: 2/2
   680 | D:2      | Noticed Jessica
   685 | D:2      | Killed Jessica
   706 | D:2      | Reached XP level 4. HP: 22/41 MP: 3/3
   868 | D:2      | Reached skill level 5 in Axes
  1018 | D:2      | Reached XP level 5. HP: 18/47 MP: 4/4
  1819 | D:3      | Reached skill level 1 in Maces & Flails
  1827 | D:3      | Reached *** piety under Trog
  1831 | D:3      | Reached XP level 6. HP: 38/55 MP: 5/5
  1983 | D:3      | Found a snail-covered altar of Cheibriados.
  1986 | D:3      | Found a sparkling altar of Nemelex Xobeh.
  1987 | D:3      | Found a hazy altar of Hepliaklqana.
  1987 | D:3      | Found a basalt altar of Yredelemnul.
  1991 | D:3      | Found a bloodstained altar of Trog.
  2026 | D:3      | Reached skill level 5 in Fighting
  2485 | D:4      | Found a staircase to the Ecumenical Temple.
  2711 | D:4      | Reached XP level 7. HP: 53/61 MP: 6/6
  2767 | D:4      | HP: 3/61 [wight/+0 halberd (8)]
  2770 | D:4      | Slain by a wight

Levels and vault maps discovered:
D:1:      beargit_arrival_greenhouse, layout_basic, minmay_gold_behind_fungi,
          minmay_distorted
D:2:      cheibrodos_pilgrimage, layout_rooms, minmay_misc_feat_ornament,
          uniq_jessica
D:3:      layout_basic, grunt_temple_overflow_open, first_ration
D:4:      layout_basic, temple_pool_b

Skill      XL: |  1  2  3  4  5  6 |
---------------+-------------------+-----
Axes           | 4 5 |  5.5
Fighting       | 4 5 |  5.4
Dodging        | 3 |  3.7
Armour         | 4 |  4.8
Maces & Flails | 1 3 |  3.8
Stealth        | |  0.8

Action                   |  1- 3 |  4- 6 |  7- 9 || total
-------------------------+-------+-------+-------++-------
Melee: Hand axe          |    74 |    22 |       ||    96
       Headbutt          |     7 |    20 |     2 ||    29
       War axe           |       |     8 |       ||     8
       Flail             |       |   111 |    11 ||   122
Invok: Trog's Hand       |       |       |     3 ||     3
       Berserk           |       |       |     1 ||     1
  Use: Scroll            |     4 |     5 |       ||     9
       Potion            |       |       |     1 ||     1
  Eat: Chunk             |       |     2 |       ||     2
       Ration            |       |     1 |     1 ||     2
Armor: Animal skin       |     9 |       |       ||     9
       Ring mail         |     5 |    37 |     4 ||    46
Dodge: Dodged            |    54 |    80 |    17 ||   151

Table legend:
 A = Non-vault XP
 B = Vault XP
 C = Vault XP percentage of total XP
 D = Non-vault monster count
 E = Vault monster count
 F = Vault count percentage of total count
                 A         B        C        D         E       F
            +---------+---------+-------+---------+---------+-------
      Total |     679 |     137 |  16.8 |      84 |      10 |  10.6
            +---------+---------+-------+---------+---------+-------
        D:1 |      42 |       6 |  12.5 |      26 |       3 |  10.3
        D:2 |      64 |     131 |  67.2 |      24 |       7 |  22.6
        D:3 |     196 |       0 |   0.0 |      23 |       0 |   0.0
        D:4 |     377 |       0 |   0.0 |      11 |       0 |   0.0
            +---------+---------+-------+---------+---------+-------
